 Dungeon Sprint DCSS version 0.19-a0-1827-g174f941 (webtiles) character file.

3212 poirepourri the Unseen (level 9, -5/39 HPs)
             Began as a Spriggan Enchanter on Oct 7, 2016.
             Was a Believer of Dithmenos.
             Splashed by an oklob plant's acid (7 damage)
             ... in the Dungeon (Sprint I: "Red Sonja").
             The game lasted 00:01:51 (911 turns).

poirepourri the Unseen (Spriggan Enchanter)          Turns: 911, Time: 00:01:53

Health: -5/39      AC: -1    Str:  4    XL:     9   Next: 65%
Magic:  14/24      EV: 28    Int: 17    God:    Dithmenos [**....]
Gold:   531        SH:  0    Dex: 19    Spells: 5 memorised, 17 levels left

rFire  . . .     SeeInvis +     l - +2 dagger (drain)
rCold  . . .     Gourm    .     b - +1 robe
rNeg   + . .     Faith    .     (shield restricted)
rPois  .         Spirit   .     (helmet restricted)
rElec  .         Dismiss  .     (no cloak)
rCorr  .         Reflect  .     (gloves unavailable)
MR     +....     Harm     .     (boots unavailable)
Stlth  +++++++++. NoTele   +    (no amulet)
                                (no ring)
                                i - ring of positive energy

@: corroded, very slightly contaminated, wreathed by umbra, very quick
A: unfitting armour, see invisible, herbivore 3, speed 3, slow metabolism 2
a: Shadow Step, Renounce Religion


You were in the Dungeon.
You worshipped Dithmenos.
Dithmenos was pleased with you.
You were not hungry.

You visited 1 branch You collected 748 gold pieces.
You spent 217 gold pieces at shops.

Inventory:

Hand Weapons
 l - a +2 dagger of draining (weapon)
Armour
 b - a +1 robe (worn)
Jewellery
 i - a ring of positive energy (left hand)
Scrolls
 j - a scroll of blinking
 m - a scroll of summoning
Potions
 a - a potion of invisibility
 e - a potion of curing
 f - a potion of heal wounds
 g - a potion of haste
 h - a potion of magic
 k - a potion of agility {unknown}
Books
 c - a book of Maledictions

   Spells                             Type                      Level
   a - Corona                         Hexes                        1
   b - Ensorcelled Hibernation        Hexes/Ice                    2
   c - Confuse                        Hexes                        3
   d - Tukima's Dance                 Hexes                        3
   e - Dazzling Spray                 Conjuration/Hexes            3
Comestibles
 d - a bread ration


   Skills:
 + Level 6.0 Short Blades
 + Level 11.2 Dodging
 + Level 18.4 Stealth
 + Level 10.9 Spellcasting
 + Level 15.0 Hexes
 + Level 3.2 Ice Magic


You had 17 spell levels left.
You knew the following spells:

 Your Spells              Type           Power        Failure   Level  Hunger
a - Corona                Hex            ######.      0%          1    None
b - Ensorcelled Hibernat  Hex/Ice        #####.       1%          2    None
c - Confuse               Hex            ######..     1%          3    None
d - Tukima's Dance        Hex            ######..     1%          3    None
e - Dazzling Spray        Conj/Hex       ####..       1%          3    None


Dungeon Overview and Level Annotations

Branches:
Dungeon (1/1)

Altars:
Cheibriados
Dithmenos
Elyvilon
Fedhas
Gozag
Hepliaklqana
Kikubaaqudgha
Makhleb
Nemelex Xobeh
Okawaru
Qazlal
Ru
Sif Muna
Trog
Uskayaw
Vehumet
Xom
Yredelemnul
Zin
The Shining One
Jiyva
Lugonu

Shops:
D ?([

Annotations:
D exclusion: oklob plant


Innate Abilities, Weirdness & Mutations

You are very small and have problems with some larger weapons.
You are too small for most types of armour.
You have supernaturally acute eyesight. (SInv)
You are a herbivore.
You cover ground extremely quickly.
You need consume almost no food.


Message History

Aim: an oklob plant (moderately damaged, umbra)
The spray of energy hits the oklob plant.
The oklob plant is moderately damaged.
Magic courses through your body. The oklob plant spits acid at you.
The splash of acid hits you! The acid corrodes you!
You are splashed with acid!
The acid burns!
There is an open door here.
Casting: Dazzling Spray
Confirm with . or Enter, or press ? or * to list all spells.
Aiming: Dazzling Spray
Press: ? - help, Shift-Dir - straight line, f/p - oklob plant
Aim: an oklob plant (moderately damaged)
The spray of energy hits the oklob plant.
The oklob plant is moderately damaged.
The oklob plant spits acid at you. The splash of acid hits you!
* * * LOW HITPOINT WARNING * * *
You are splashed with acid!
The acid burns!
You die...

#################
.'..#.)'..#__#..+
)#..'..#..'..'..#
###'#####'#__####
##..#...#.####§§####
_####..##)#≈≈≈§§#§§#
____##'#..+§§§§§@.†#
.∩..†'..._#≈≈§§§#§§#
..__##_(#'##'#####'#
____###'#.#..§.###P+
#######.####§###.###
.....')..'.....')∩#
++####.).##########
##.## #+#


You could see an oklob plant.

Vanquished Creatures
  2 centaur warriors (D)
  Sonja (D)
  A deep troll (D)
  A hornet (D)
  A slime creature (D)
  Sigmund (D)
  A yak (D)
  An ogre (D)
  A jelly (D)
  Ijyb (D)
11 creatures vanquished.

Notes
Turn   | Place    | Note
-------+----------+-------------------------------------------
     0 | D        | poirepourri the Spriggan Enchanter began the quest for the Orb.
     0 | D        | Reached XP level 1. HP: 9/9 MP: 5/5
     2 | D        | Noticed Ijyb
    15 | D        | Killed Ijyb
    15 | D        | Reached skill level 6 in Stealth
    15 | D        | Reached skill level 5 in Hexes
    15 | D        | Reached XP level 2. HP: 13/13 MP: 3/7
    57 | D        | Learned a level 2 spell: Ensorcelled Hibernation
   136 | D        | Noticed an ogre
   146 | D        | Killed an ogre
   146 | D        | Reached skill level 5 in Dodging
   146 | D        | Reached skill level 8 in Stealth
   146 | D        | Reached skill level 5 in Spellcasting
   146 | D        | Reached XP level 3. HP: 16/16 MP: 1/10
   146 | D        | Reached XP level 4. HP: 21/21 MP: 1/12
   232 | D        | Noticed Sigmund
   235 | D        | Killed Sigmund
   235 | D        | Reached skill level 11 in Stealth
   235 | D        | Reached skill level 1 in Ice Magic
   235 | D        | Reached XP level 5. HP: 24/24 MP: 13/15
   235 | D        | Reached XP level 6. HP: 28/28 MP: 13/16
   323 | D        | Found a deep blue altar of Sif Muna.
   328 | D        | Learned a level 3 spell: Confuse
   332 | D        | Learned a level 3 spell: Tukima's Dance
   336 | D        | Learned a level 3 spell: Dazzling Spray
   337 | D        | Found a radiant altar of Vehumet.
   341 | D        | Reached skill level 10 in Hexes
   385 | D        | Found Wiosoch's Antique Weapon Emporium.
   385 | D        | Found an ancient bone altar of Kikubaaqudgha.
   385 | D        | Found a hazy altar of Hepliaklqana.
   385 | D        | Found a stormy altar of Qazlal.
   385 | D        | Found a hide-covered altar of Uskayaw.
   385 | D        | Found a blossoming altar of Fedhas.
   385 | D        | Found a bloodstained altar of Trog.
   385 | D        | Found an iron altar of Okawaru.
   385 | D        | Found a basalt altar of Yredelemnul.
   385 | D        | Found a glowing golden altar of the Shining One.
   385 | D        | Found a snail-covered altar of Cheibriados.
   385 | D        | Found a sacrificial altar of Ru.
   385 | D        | Found a glowing silver altar of Zin.
   385 | D        | Found a shadowy altar of Dithmenos.
   385 | D        | Found a white marble altar of Elyvilon.
   385 | D        | Noticed a yak
   386 | D        | Found an opulent altar of Gozag.
   387 | D        | Killed a yak
   387 | D        | Reached skill level 12 in Stealth
   388 | D        | Found a sparkling altar of Nemelex Xobeh.
   396 | D        | Became a worshipper of Dithmenos the Shadowed
   401 | D        | Bought a runed dagger for 56 gold pieces
   482 | D        | Found a burning altar of Makhleb.
   482 | D        | Found a viscous altar of Jiyva.
   482 | D        | Found a shimmering altar of Xom.
   482 | D        | Found a corrupted altar of Lugonu.
   482 | D        | Noticed a slime creature
   485 | D        | Killed a slime creature
   485 | D        | Reached skill level 13 in Stealth
   485 | D        | Reached XP level 7. HP: 32/32 MP: 17/19
   513 | D        | Noticed Sonja
   518 | D        | Killed Sonja
   518 | D        | Reached skill level 15 in Stealth
   518 | D        | Reached XP level 8. HP: 25/36 MP: 18/22
   642 | D        | Found Puyriah's Magic Scroll Boutique.
   650 | D        | Bought a scroll of identify for 28 gold pieces
   672 | D        | Bought a scroll of summoning for 133 gold pieces
   689 | D        | Noticed a deep troll
   693 | D        | Killed a deep troll
   693 | D        | Reached * piety under Dithmenos
   693 | D        | Reached skill level 10 in Dodging
   693 | D        | Reached skill level 16 in Stealth
   705 | D        | Found Jiggiopi's Armour Emporium.
   867 | D        | Noticed a centaur warrior
   867 | D        | Noticed a centaur warrior
   870 | D        | Killed a centaur warrior
   870 | D        | Reached skill level 5 in Short Blades
   870 | D        | Reached skill level 17 in Stealth
   870 | D        | Reached skill level 10 in Spellcasting
   870 | D        | Reached XP level 9. HP: 39/39 MP: 22/24
   872 | D        | Killed a centaur warrior
   872 | D        | Reached skill level 18 in Stealth
   883 | D        | Reached ** piety under Dithmenos
   883 | D        | Reached skill level 15 in Hexes
   897 | D        | Noticed an oklob plant
   911 | D        | Splashed by an oklob plant's acid

Vault maps used:
D:        dungeon_sprint_1

Skill      XL: |  1  2  3  4  5  6  7  8  9 |
---------------+----------------------------+-----
Dodging        | 4 5 7 8 9 10 11 | 11.2
Stealth        | 6 8 11 13 15 17 18 | 18.4
Spellcasting   | 3 5 6 8 9 10 | 10.9
Hexes          | 5 7 9 11 12 14 15 | 15.0
Short Blades   | 2 3 4 5 6 |  6.0
Ice Magic      | 1 2 3 |  3.2

Action                   |  1- 3 |  4- 6 |  7- 9 || total
-------------------------+-------+-------+-------++-------
Melee: Dagger            |    13 |     5 |     6 ||    24
 Cast: Corona            |     2 |       |       ||     2
       Ensorcelled Hiber |     2 |     1 |     1 ||     4
       Dazzling Spray    |       |       |     8 ||     8
  Use: Potion            |     1 |       |     1 ||     2
       Scroll            |       |     1 |     3 ||     4
 Stab: Sleeping          |     1 |     4 |     5 ||    10
Dodge: Dodged            |    14 |     1 |     1 ||    16
